 Dungeon Crawl Stone Soup version 0.29.1-2-gbd0b4ee654 (webtiles) character file.

Game seed: 8876539489793549960

53 Groucho the Sneak (level 3, -2/14 HPs)
             Began as a Felid Ice Elementalist on Nov 5, 2022.
             Slain by a gnoll
             ... wielding a +0 spear
              (6 damage)
             ... on level 3 of the Dungeon.
             The game lasted 00:03:23 (2997 turns).

Groucho the Sneak (Felid Ice Elementalist)          Turns: 2997, Time: 00:03:25

Health: -2/14      AC:  1    Str:  6    XL:     3   Next: 64%
Magic:  4/7        EV: 18    Int: 16    God:
Gold:   138        SH:  0    Dex: 16    Spells: 5/6 levels left
                                        Lives:  0   Deaths: 0

rFire   . . .      SeeInvis +   (weapon unavailable)
rCold   . . .      Faith    .   (shield unavailable)
rNeg    . . .      Spirit   .   (body armour unavailable)
rPois   .          Reflect  .   (helmet unavailable)
rElec   .          Harm     .   (cloak unavailable)
rCorr   .          Rampage  .   (gloves unavailable)
Will    .....                   (boots unavailable)
Stlth   +++.......              (no amulet)
HPRegen 0.04/turn               (no ring)
MPRegen 0.10/turn               (no ring)

@: quick
A: very small, claws 1, fangs 3, see invisible, speed 1, shaggy fur 1, stealthy
paws, no weapons or thrown items, no armour, multi-lived
a: no special abilities


You were on level 3 of the Dungeon.
You visited 1 branch of the dungeon, and saw 3 of its levels.

You collected 138 gold pieces.

Inventory:

Scrolls
 b - a scroll of identify {unknown}
 f - a scroll of enchant armour {unknown}
 h - 2 scrolls of enchant weapon {unknown}
 j - a scroll of blinking {unknown}
Potions
 a - 2 potions of magic
 c - a potion of lignification {unknown}
 d - a potion of mutation {unknown}
 e - 2 potions of curing {unknown}
 g - a potion of degeneration {unknown}
 i - a potion of flight {unknown}
 k - a potion of heal wounds {unknown}
 l - a potion of resistance {unknown}


   Skills:
 + Level 3.4 Dodging
 * Level 4.2 Stealth
 + Level 2.4 Spellcasting
 + Level 3.9 Ice Magic


You had 5 spell levels left.
You knew the following spells:

 Your Spells              Type           Power      Damage    Failure   Level
a - Freeze                Ice            56%        1d7       4%          1

Your spell library contained the following spells:

 Spells                   Type           Power      Damage    Failure   Level
 Frozen Ramparts          Ice            28%        1d5       12%         3
 Ozocubu's Armour         Ice            14%        N/A       12%         3
 Hailstorm                Conj/Ice       8%         3d4       65%         4


Dungeon Overview and Level Annotations

Branches:
Dungeon (3/15)

Altars:


Innate Abilities, Weirdness & Mutations

You have sharp claws.
You have razor-sharp teeth.
You have supernaturally acute eyesight. (SInv)
You cover ground quickly. (Speed+)
You are covered in fur. (AC +1)
Your paws help you pounce on unaware monsters.
You are incapable of wielding weapons or throwing items.
You cannot wear armour.
You gain extra lives every three experience levels.


Message History

You scratch the hobgoblin.
The hobgoblin is moderately wounded.
The hobgoblin misses you.
A bat comes into view.
You scratch the hobgoblin.
The hobgoblin is almost dead.
The hobgoblin completely misses you. The bat barely misses you.
You barely miss the hobgoblin.
The hobgoblin is almost dead.
The bat misses you. The hobgoblin closely misses you.
You scratch the hobgoblin.
You kill the hobgoblin!
The bat hits you. The bat barely misses you.
The gnoll hits you with a +0 spear.
Casting: Freeze (safe; 4% risk of failure)
Confirm with . or Enter, or press ? or * to list all spells.
Aiming: Freeze (safe; 4% risk of failure)
Press: ? - help, Shift-Dir - straight line, f - gnoll
Aim: a gnoll, wielding a +0 spear You freeze the gnoll.
The gnoll is moderately wounded.
The bat hits you but does no damage. The bat misses you. The gnoll misses you.
Casting: Freeze (safe; 4% risk of failure)
Confirm with . or Enter, or press ? or * to list all spells.
Aiming: Freeze (safe; 4% risk of failure)
Press: ? - help, Shift-Dir - straight line, f/p - gnoll
Aim: a gnoll, wielding a +0 spear (moderately wounded)
You freeze the gnoll.
The gnoll is severely wounded.
The bat misses you. The gnoll hits you with a +0 spear.
* * * LOW HITPOINT WARNING * * *
Casting: Freeze (safe; 4% risk of failure)
Confirm with . or Enter, or press ? or * to list all spells.
Aiming: Freeze (safe; 4% risk of failure)
Press: ? - help, Shift-Dir - straight line, f/p - gnoll
Aim: a gnoll, wielding a +0 spear (severely wounded)
You freeze the gnoll.
The gnoll is almost dead.
The bat barely misses you. The gnoll hits you with a +0 spear.
You die...

#.###...####
#.......##
######...# #...#
#...# #...#
####...#########.
!.................
..........@g......
..........b..#....
#####...####.# .
#...# .# #..... .
##...# #. #... .#
## #


You could see a gnoll and a bat.

Vanquished Creatures
  2 adders (D:2)
  A dart slug (D:2)
  2 ball pythons
  5 endoplasms
  6 goblins
  4 hobgoblins
  2 bats
  2 frilled lizards
  3 kobolds
  5 rats
32 creatures vanquished.

Notes
Turn   | Place    | Note
-------+----------+-------------------------------------------
     0 | D:1      | Groucho the Felid Ice Elementalist began the quest for the
                  | Orb.
     0 | D:1      | Reached XP level 1. HP: 7/7 MP: 4/4
   338 | D:1      | Reached skill level 3 in Stealth
   824 | D:1      | Reached XP level 2. HP: 11/11 MP: 6/6
  1649 | D:2      | Reached XP level 3. HP: 10/14 MP: 5/7
  1971 | D:2      | Reached skill level 4 in Stealth
  2463 | D:2      | Found a faded altar of an unknown god.
  2997 | D:3      | Slain by a gnoll

Illustrated notes

Levels and vault maps discovered:
D:1:      lemuel_arrival_hallway, layout_rooms
D:2:      layout_basic, shapermc_ecumenical_altar_hornbeckon
D:3:      layout_loops_cross, nicolae_yredelemnul_corpse_copse,
          mainiacjoe_overflow_chevrons, minmay_misc_feat_plants, minmay_cut_off

Skill      XL: |  1  2  3 |
---------------+----------+-----
Stealth        | 3 4 |  4.2
Dodging        | 3 |  3.4
Spellcasting   | |  2.4
Ice Magic      | |  3.9

Action                   || total
-------------------------++-------
Melee: Unarmed           ||    67
       Bite              ||     7
 Cast: Freeze            ||    21
 Stab: Sleeping          ||     7
Armor: Skin              ||     5
Dodge: Dodged            ||    57
